 Dungeon Crawl Stone Soup version 0.30-a0-1075-gcd70e7a56d (webtiles) character file.

Game seed: 17543774652866248255

109 hwolsky the Covered (level 4, -6/41 HPs)
             Began as a Minotaur Fighter on Apr 14, 2023.
             Killed from afar by an electric eel (14 damage)
             ... with a bolt of electricity
             ... on level 3 of the Dungeon.
             The game lasted 00:04:14 (1634 turns).

hwolsky the Covered (Minotaur Fighter)              Turns: 1634, Time: 00:04:15

Health: -6/41      AC:  8    Str: 21    XL:     4   Next: 60%
Magic:  3/3        EV:  9    Int:  5    God:
Gold:   144        SH:  5    Dex: 15    Spells: 3/3 levels left

rFire   . . .      SeeInvis .    j - +8 war axe of Sasot {pain, Will+ Dex+4}
rCold   . . .      Faith    .    c - +0 buckler
rNeg    . . .      Spirit   .    b - +0 scale mail
rPois   +          Reflect  .    (helmet restricted)
rElec   .          Rampage  .    g - +0 cloak
rCorr   .                        (no gloves)
Will    +....                    (no boots) Stlth
                                 (no amulet)
HPRegen 0.26/turn                m - ring of poison resistance
MPRegen 0.08/turn                (no ring)

@: no status effects
A: horns 2, retaliatory headbutt
a: no special abilities


You were on level 3 of the Dungeon.
You visited 1 branch of the dungeon, and saw 3 of its levels.

You collected 144 gold pieces.

Inventory:

Hand Weapons
 a - a +0 long sword
 j - the +8 war axe of Sasot (weapon) {pain, Will+ Dex+4}
   (You found it on level 2 of the Dungeon)

   Dex:       It affects your dexterity (+4).
   Will:      It increases your willpower.
Missiles
 h - 2 poisoned darts (quivered)
Armour
 b - a +0 scale mail (worn)
 c - a +0 buckler (worn)
 g - a +0 cloak (worn)
Jewellery
 m - a ring of poison resistance (left hand)
Wands
 p - a wand of flame (15)
Scrolls
 e - 2 scrolls of teleportation
 f - 3 scrolls of fog
 k - a scroll of noise
 o - a scroll of enchant armour {unknown}
Potions
 d - 2 potions of might
 i - 2 potions of heal wounds
 l - 2 potions of degeneration {unknown}
 n - a potion of magic {unknown}


   Skills:
 + Level 4.3 Fighting
 + Level 3.5 Long Blades
 + Level 0.6 Axes
 * Level 4.7 Armour
 + Level 4.3 Shields


You had 3 spell levels left.
You didn't know any spells.
Your spell library was empty.

Dungeon Overview and Level Annotations

Branches:
Dungeon (3/15)

Altars:

Annotations:
D:3 1 transporter


Innate Abilities, Weirdness & Mutations

You have a pair of horns on your head.
You reflexively headbutt those who attack you in melee.


Message History

You now have 144 gold pieces (gained 13).
n - a smoky blue potion
There is an open door here.
A frilled lizard comes into view.
The frilled lizard hisses angrily.
The frilled lizard moves out of view.
You closely miss the frilled lizard.
The frilled lizard barely misses you. x2
You miss the frilled lizard.
The frilled lizard bites you but does no damage.
You slash the frilled lizard!
You kill the frilled lizard!
You see here a frilled lizard corpse.
No target in view!
Found 4 stones.
Found a transporter.
A ball python comes into view.
Found a scroll labelled REBBOT BINE.
There is a transporter landing site here.
You closely miss the ball python. You headbutt the ball python.
You kill the ball python!
Found a wand of flame (15).
Found a transporter.
Found a scroll labelled ZAHINI PON ATE.
There is a transporter here.
o - a scroll labelled ZAHINI PON ATE
There is a transporter here.
You enter the transporter and appear at another place.
Found a viscous emerald potion.
p - a wand of flame (15)
You open the door.
The electric eel shoots out a bolt of lightning at you!
The bolt of electricity hits you! x2; The bolt of electricity hits the plant!
The plant begins to die.
The electric eel shoots out a bolt of lightning at you!
The bolt of electricity hits you!
The electric eel shoots out a bolt of lightning at you!
The bolt of electricity hits you!
* * * LOW HITPOINT WARNING * * *
The bolt of electricity hits you!
You die...

##..#.. #... #...! .......##...
#.?..########.#.....)...
#######.............+...).....
#..(..............#.#...)))...
#.###############.#.#...))....
##.#8P#~~~~~~~#P8#.#.#.###.#...
###..#..#~~P~~..#..#...#. ...#...
#...©#©?+~~~⌠S..@.©#©..# #.####..
#.#..#..#~~~~~..#..#...#......'..
..##.#8P#~~~~~SS#P8#.#.###...##..
..##.###############.#.# ### #..
..##.................#.. +..
...###################### #..
...†.####### ### ..##.......#
#####......#


You could see 3 electric eels.

Vanquished Creatures
  Robin (D:3)
  4 adders (D:2)
  A dart slug (D:1)
  4 bats
  An endoplasm (D:3)
  3 giant cockroaches (D:2)
  13 goblins
  6 hobgoblins
  3 jackals (D:1)
  2 quokkas
  5 ball pythons
  3 frilled lizards
  5 kobolds
  4 rats
55 creatures vanquished.

Vanquished Creatures (others)
  A fungus (D:1)
  11 plants (D:1)
12 creatures vanquished.

Grand Total: 67 creatures vanquished

Notes
Turn   | Place    | Note
-------+----------+-------------------------------------------
     0 | D:1      | hwolsky the Minotaur Fighter began the quest for the Orb.
     0 | D:1      | Reached XP level 1. HP: 19/19 MP: 0/0
   237 | D:1      | Reached XP level 2. HP: 18/27 MP: 1/1
   368 | D:1      | Found a faded altar of an unknown god.
   736 | D:2      | Reached XP level 3. HP: 33/33 MP: 2/2
   966 | D:2      | Identified the +8 war axe of Sasot {pain, Will+ Dex+4}
  1006 | D:2      | Reached XP level 4. HP: 38/40 MP: 3/3
  1471 | D:3      | Noticed Robin
  1477 | D:3      | Killed Robin
  1589 | D:3      | Found a transporter.
  1607 | D:3      | Found a transporter.
  1634 | D:3      | Killed from afar by an electric eel

Illustrated notes

Levels and vault maps discovered:
D:1:      evilmike_arrival_hilbert_curve, layout_rooms,
          shapermc_ecumenical_altar_hornbeckon, st_stairs_14
D:2:      cheibrodos_helix_gallery, layout_loops_ring
D:3:      gammafunk_steamed_eel, layout_basic, saegor_snake_ambush, uniq_robin

Skill      XL: |  1  2 |
---------------+-------+-----
Armour         | 4 |  4.7
Fighting       | 4 |  4.3
Long Blades    | 3 |  3.5
Shields        | 4 |  4.3
Axes           | |  0.6

Action                     |  1- 3 |  4- 6 || total
---------------------------+-------+-------++-------
  Melee: Long sword        |   100 |       ||   100
         Headbutt          |    28 |     4 ||    32
         War axe           |     4 |    28 ||    32
    Use: Scroll            |     5 |     2 ||     7
 Armour: Scale mail        |    49 |    11 ||    60
  Dodge: Dodged            |    55 |    17 ||    72
  Block: Buckler           |    20 |     7 ||    27

Table legend: (Time is in decaauts)
 A = Elapsed time spent in this place.
 B = Non-inter-level travel time spent in this place.
 C = Inter-level travel time spent in this place.
 D = Time resting spent in this place.
 E = Time spent auto-exploring this place.
 F = Levels seen in this place.
 G = Mean time per level.
                   A        B        C        D        E       F      G
               +--------+--------+--------+--------+--------+-----+--------+
         Total |   1687 |   1620 |     67 |      0 |   1013 |   3 |  562.3 |
       Dungeon |   1687 |   1620 |     67 |      0 |   1013 |   3 |  562.3 |
               +--------+--------+--------+--------+--------+-----+--------+

Top non-repeatable levels by time:
     D:2: 730 daAuts
     D:1: 715 daAuts
     D:3: 241 daAuts
